 Dungeon Sprint DCSS version 0.30.1-11-g7821555f0a (webtiles) character file.

Game seed: 15503394478583443045

2170 DiggyJ the Grappler (level 9, -8/97 HPs)
             Began as a Troll Fighter on Jan 8, 2024.
             Was a Follower of Jiyva.
             Mangled by a five-headed hydra (11 damage)
             ... in the Dungeon (Sprint VII: "The Pits").
             The game lasted 00:03:46 (567 turns).

DiggyJ the Grappler (Troll Fighter)                  Turns: 567, Time: 00:03:47

Health: -8/97      AC:  5    Str: 30    XL:     9   Next: 11%
Magic:  8/8        EV: 11    Int:  4    God:    Jiyva [*.....]
Gold:   0          SH: 10    Dex:  9    Spells: 8/8 levels left

rFire   . .          .
                       - Unarmed
rCold   . . .        b - +0 kite shield
rNeg    . . .        a - +0 robe
rPois   .            (helmet restricted)
rElec   .            p - +0 cloak
rCorr   .            (gloves unavailable)
SInv    .            (boots unavailable)
Will    .....        (no amulet)
Stlth   +            (no ring)
HPRegen 1.96/turn    (no ring)
MPRegen 0.36/turn

%: no teleportation
@: invisible
A: large, unfitting armour, claws 3, regeneration 1, shaggy fur 1, tough skin 1
a: Renounce Religion


You were in the Dungeon.
You worshipped Jiyva.
Jiyva was aware of your devotion.
You visited 1 branch

Inventory:

Hand Weapons
 g - a +0 long sword of holy wrath
Armour
 a - a +0 robe (worn)
 b - a +0 kite shield (worn)
 p - a +0 cloak (worn)
Jewellery
 i - a +3 ring of evasion
 m - a +3 ring of dexterity
Scrolls
 k - 5 scrolls of amnesia
 l - a scroll of butterflies
Potions
 c - a potion of might
 d - 13 potions of heal wounds
 e - 5 potions of curing
 f - a potion of haste
 h - 2 potions of berserk rage
 j - a potion of invisibility
 n - 2 potions of mutation
 o - 2 potions of brilliance


   Skills:
 + Level 8.5 Fighting
 + Level 8.6 Dodging
 + Level 10.4 Shields
 + Level 11.6 Unarmed Combat


You had 8 spell levels left.
You didn't know any spells.
Your spell library was empty.

Dungeon Overview and Level Annotations

Branches:
Dungeon (1/1)

Altars:
Ashenzari
Cheibriados
Dithmenos
Elyvilon
Fedhas
Gozag
Hepliaklqana
Kikubaaqudgha
Makhleb
Nemelex Xobeh
Okawaru
Qazlal
Ru
Sif Muna
Trog
Uskayaw
Vehumet
Wu Jian
Xom
Yredelemnul
Zin
The Shining One
Jiyva
Lugonu


Innate Abilities, Weirdness & Mutations

You are too large for most types of armour.
You have claws for hands.
Your natural rate of healing is unusually fast.
You are covered in fur. (AC +1)
You have tough skin. (AC +1)


Message History

The bolt of fire hits you!!
You mangle the deep elf pyromancer!!
The deep elf pyromancer is heavily wounded.
You block the ice devil's attack.
The deep elf pyromancer points at you and mumbles some strange words.
You block the sticky flame.
You mangle the deep elf pyromancer!!
You kill the deep elf pyromancer!
The ice devil hits you! The ice devil freezes you!
Your Shields skill increases to level 10!
Your Unarmed Combat skill increases to level 11!
You have reached level 9!
Your experience leads to an increase in your attributes!
Increase (S)trength, (I)ntelligence, or (D)exterity?
You feel stronger. x3
You closely miss the ice devil. The cane toad barely misses you.
The ice devil hits you. The ice devil freezes you!
You claw the ice devil!
The ice devil is moderately wounded.
The cane toad barely misses you.
You scratch the ice devil.
The ice devil is heavily wounded.
The ice devil hits you!
* * * LOW HITPOINT WARNING * * *
The ice devil freezes you!
* * * LOW HITPOINT WARNING * * *
You block the cane toad's attack.
Jiyva says: Divide and consume!
You fade into invisibility!
You block the ice devil's attack.
The cane toad stings you but does no damage.
The five-headed hydra misses you.
You block the five-headed hydra's attack.
The five-headed hydra barely misses you.
The five-headed hydra bites you.
* * * LOW HITPOINT WARNING * * *
The five-headed hydra bites you!
* * * LOW HITPOINT WARNING * * *
You block the cane toad's attack. The five-headed hydra bites you!
You die...

..#..##................#
..#..#####'#####''######
###.G##.......##''#####
..#..##.......##......#
..#..##.......##....###
'##'###...<...##...##
.....##.......##..##
.....##.......##..# #
#######.......##@D#..#..
..#..###########4F'..'..
..#.############).#..#..
..#)#....#..[[##..#..#
.##'#....#..[.##..# ..#
).#.'....'..))##... #.'.
..#(#)...#..))##.... ##.
..'.#....#..))##....
#####################


You could see a five-headed hydra (unable to see you), an ice devil (unable to
see you) and a cane toad (unable to see you).

Vanquished Creatures
  A bog body (D)
  A deep elf pyromancer (D)
  A cyclops (D)
  A spriggan (D)
  A water moccasin (D)
  An orc warrior (D)
  2 ice beasts (D)
  A centaur (D)
  A phantom (D)
  A kobold brigand (D)
  A scorpion (D)
  Crazy Yiuf (D)
  A mummy (D)
  2 ufetubi (D)
  A worm (D)
  A bat (D)
  A bat zombie (D)
  A goblin (D)
  A quokka (D)
  A jackal zombie (D)
  A rat (D)
23 creatures vanquished.

Vanquished Creatures (others)
  Dissolution (D)
  An ancient lich (D)
  2 acid blobs (D)
  3 azure jellies (D)
  4 rockslimes (D)
  A black draconian (D)
  A lorocyproca (D)
  A blizzard demon (D)
  A mummy priest (D)
  A great orb of eyes (D)
  A shock serpent (shapeshifter) (D)
  A spriggan druid (D)
  A shining eye (shapeshifter) (D)
  A floating eye (D)
  A large abomination (D)
  A water moccasin (D)
  4 jellies (D)
  2 endoplasms (D)
28 creatures vanquished.

Grand Total: 51 creatures vanquished

Notes
Turn   | Place    | Note
-------+----------+-------------------------------------------
     0 | D        | DiggyJ the Troll Fighter began the quest for the Orb.
     0 | D        | Reached XP level 1. HP: 22/22 MP: 0/0
    47 | D        | Found a bloodstained altar of Trog.
    47 | D        | Found a shimmering blue altar of Sif Muna.
    47 | D        | Found a viscous altar of Jiyva.
    47 | D        | Found a hazy altar of Hepliaklqana.
    47 | D        | Found an opulent altar of Gozag.
    48 | D        | Found a glowing golden altar of the Shining One.
    48 | D        | Found a glowing silver altar of Zin.
    48 | D        | Found a basalt altar of Yredelemnul.
    48 | D        | Found a shimmering altar of Xom.
    48 | D        | Found an ornate altar of the Wu Jian Council.
    48 | D        | Found a sacrificial altar of Ru.
    48 | D        | Found a stormy altar of Qazlal.
    48 | D        | Found an iron altar of Okawaru.
    48 | D        | Found a sparkling altar of Nemelex Xobeh.
    48 | D        | Found a burning altar of Makhleb.
    48 | D        | Found a blossoming altar of Fedhas.
    48 | D        | Found a white marble altar of Elyvilon.
    48 | D        | Found a shadowy altar of Dithmenos.
    48 | D        | Found a snail-covered altar of Cheibriados.
    51 | D        | Found a corrupted altar of Lugonu.
    51 | D        | Found a radiant altar of Vehumet.
    53 | D        | Became a worshipper of Jiyva Jugustro the Shapeless
    53 | D        | Killed a mummy priest
    56 | D        | Killed a great orb of eyes
    57 | D        | Killed a blizzard demon
    57 | D        | Killed a rockslime
    57 | D        | Killed a rockslime
    57 | D        | Killed an acid blob
    57 | D        | Killed an azure jelly
    58 | D        | Killed an azure jelly
    59 | D        | Killed a water moccasin
    59 | D        | Killed an ancient lich
    61 | D        | Killed a rockslime
    61 | D        | Killed a lorocyproca
    63 | D        | Killed a black draconian
    63 | D        | Killed a spriggan druid
    64 | D        | Noticed a floating eye
    64 | D        | Killed Dissolution
    65 | D        | Killed a rockslime
    65 | D        | Killed an acid blob
    74 | D        | Killed an azure jelly
    89 | D        | Noticed a centaur
    90 | D        | Noticed a water moccasin
    90 | D        | Noticed an ice beast
    90 | D        | Noticed Crazy Yiuf
   101 | D        | Killed a water moccasin
   102 | D        | Reached skill level 5 in Shields
   102 | D        | Reached skill level 3 in Unarmed Combat
   102 | D        | Reached XP level 2. HP: 33/33 MP: 1/1
   102 | D        | Reached XP level 3. HP: 41/41 MP: 2/2
   102 | D        | Reached XP level 4. HP: 49/49 MP: 3/3
   102 | D        | Killed Crazy Yiuf
   103 | D        | Reached skill level 5 in Fighting
   103 | D        | Reached skill level 5 in Dodging
   103 | D        | Reached skill level 4 in Unarmed Combat
   103 | D        | Reached XP level 5. HP: 53/57 MP: 4/4
   106 | D        | Killed an ice beast
   109 | D        | Killed a centaur
   110 | D        | Reached skill level 5 in Unarmed Combat
   110 | D        | Reached XP level 6. HP: 56/67 MP: 5/5
   133 | D        | Noticed an ice beast
   138 | D        | Killed an ice beast
   139 | D        | Reached skill level 6 in Unarmed Combat
   140 | D        | Noticed a cyclops
   147 | D        | Killed a cyclops
   148 | D        | Reached skill level 7 in Unarmed Combat
   148 | D        | Reached XP level 7. HP: 48/79 MP: 6/6
   165 | D        | HP: 2/79 [kobold brigand/+0 short sword (4)]
   183 | D        | Reached skill level 8 in Unarmed Combat
   264 | D        | Killed a shining eye
   276 | D        | Reached XP level 8. HP: 48/88 MP: 7/7
   322 | D        | Found a hide-covered altar of Uskayaw.
   322 | D        | Found an ancient bone altar of Kikubaaqudgha.
   322 | D        | Found a broken altar of Ashenzari.
   424 | D        | Noticed a bog body
   425 | D        | Reached * piety under Jiyva
   428 | D        | Killed a bog body
   429 | D        | Reached skill level 10 in Unarmed Combat
   465 | D        | Killed a shock serpent
   556 | D        | Noticed a deep elf pyromancer
   557 | D        | Noticed a cane toad
   557 | D        | Noticed an ice devil
   558 | D        | Noticed a five-headed hydra
   562 | D        | Killed a deep elf pyromancer
   563 | D        | Reached skill level 10 in Shields
   563 | D        | Reached skill level 11 in Unarmed Combat
   563 | D        | Reached XP level 9. HP: 57/97 MP: 8/8
   566 | D        | HP: 1/97 [five-headed hydra (7)]
   567 | D        | Mangled by a five-headed hydra

Illustrated notes

Levels and vault maps discovered:
D:        pitsprint [storerooms_1, entrance_room_1, metal_vault_6, armoury_1,
          mini_pit_1, grid_room_1, main_hall_1, silver_pit, the_coven_3,
          the_vestibule_1, steel_vault_2, golden_pit, hallway_of_sentries,
          crystal_vault_4, iron_vault_3, final_vault]

Skill      XL: |  1  2  3  4  5  6  7  8 |
---------------+-------------------------+-----
Shields        | 5 6 8 10 | 10.4
Fighting       | 4 5 6 7 8 |  8.5
Dodging        | 4 5 6 7 8 |  8.6
Unarmed Combat | 3 4 5 7 8 11 | 11.6

Action                     |  1- 3 |  4- 6 |  7- 9 || total
---------------------------+-------+-------+-------++-------
  Melee: Unarmed           |    13 |    17 |    56 ||    86
    Use: Potion            |     2 |       |     2 ||     4
         Scroll            |       |       |     1 ||     1
 Armour: Robe              |     5 |       |     7 ||    12
  Dodge: Dodged            |     8 |    10 |    26 ||    44
  Block: Kite shield       |     6 |     4 |    42 ||    52
